MLB
SAN FRANCISCO GIANTS @ ST. LOUIS CARDINALS
05/24/2044
 
TOP OF THE 1ST
San Francisco Giants batting - Pitching for St. Louis Cardinals : RHP Geoff Mooney
Pitching: RHP Geoff Mooney
Batting: RHB Jason May 0-0: Ball
1-0: Foul Ball, location: 2F
1-1: SOLO HOME RUN (Flyball, 78XD, EV 100.6 MPH), Distance : 387 ft
Batting: SHB Ryan Doss 0-0: Ball
1-0: Called Strike
1-1: Fly out, F9 (Flyball, 9LS, EV 92.5 MPH)
Batting: LHB Jack Henningar 0-0: Called Strike
0-1: Foul Ball, location: 2F
0-2: Ball
1-2: Ball
2-2: Fly out, F9 (Flyball, 9, EV 86.3 MPH)
Batting: LHB Willis Robles 0-0: Ball
1-0: Ball
2-0: Swinging Strike
2-1: Foul Ball, location: 2F
2-2: Ball
3-2: Strikes out swinging
Top of the 1st over - 1 run, 1 hit, 0 errors, 0 left on base; San Francisco 1 - St. Louis 0
BOTTOM OF THE 1ST
St. Louis Cardinals batting - Pitching for San Francisco Giants : RHP Ted Mosley
Pitching: RHP Ted Mosley
Batting: LHB Tommy Luce 0-0: Foul Ball, location: 2F
0-1: Ball
1-1: Ball
2-1: Ground out 4-3 (Groundball, 4, EV 91.9 MPH)
Batting: RHB Pavpv Ivanushkin 0-0: Ball
1-0: Foul Ball, location: 2F
1-1: Ball
2-1: Ball
3-1: Foul Ball, location: 2F
3-2: SOLO HOME RUN (Flyball, 7LD, EV 93.1 MPH), Distance : 351 ft
Batting: SHB Antoine Roux 0-0: Called Strike
0-1: Foul Ball, location: 2F
0-2: Ball
1-2: Ball
2-2: Ball
3-2: Fly out, F8 (Flyball, 8LXD, EV 102.5 MPH)
Batting: LHB Alex Vargas 0-0: Called Strike
0-1: Foul Ball, location: 2F
0-2: SINGLE (Flyball, 78S, EV 85.6 MPH)
Batting: LHB John Blair 0-0: Called Strike
0-1: Foul Ball, location: 2F
0-2: Ball
1-2: DOUBLE (Line Drive, 89M, EV 113.8 MPH)
Alex Vargas to third
Runner from 3rd tries for Home, SAFE, no throw by RF
Batting: RHB Bobby Scholl 0-0: Ball
1-0: Ball
2-0: Foul Ball, location: 2F
2-1: SINGLE (Flyball, 3D, EV 85.0 MPH)
John Blair to third
Runner from 3rd tries for Home, SAFE, throw by RF to home
Batting: LHB Ben Rubenacker 0-0: Called Strike
0-1: Called Strike
0-2: Foul Ball, location: 2F
0-2: Ball
1-2: Foul Ball, location: 2F
1-2: Ball
2-2: Ball
3-2: Foul Ball, location: 2F
3-2: Foul Ball, location: 2F
3-2: SINGLE (Groundball, 15S, EV 70.6 MPH) (infield hit)
Bobby Scholl to second
Batting: RHB Rick O'Reilly 0-0: Ball
1-0: Called Strike
1-1: Fielders Choice at 2nd, 5-4 (Groundball, 56, EV 80.0 MPH)
Bottom of the 1st over - 3 runs, 5 hits, 0 errors, 2 left on base; San Francisco 1 - St. Louis 3
TOP OF THE 2ND
San Francisco Giants batting - Pitching for St. Louis Cardinals : RHP Geoff Mooney
Batting: RHB Sean Zielinski 0-0: Foul Ball, location: 2F
0-1: Foul Ball, location: 2F
0-2: Fly out, F9 (Flyball, 89D, EV 91.9 MPH)
Batting: RHB Nick Rigden 0-0: Foul Ball, location: 2F
0-1: Called Strike
0-2: Ball
1-2: Ball
2-2: Foul Ball, location: 2F
2-2: Ground out U3 (Groundball, 34, EV 105.6 MPH)
Batting: RHB Henri Cederberg 0-0: Ball
1-0: Ground out 6-3 (Groundball, 6, EV 105.6 MPH)
Top of the 2nd over - 0 runs, 0 hits, 0 errors, 0 left on base; San Francisco 1 - St. Louis 3
BOTTOM OF THE 2ND
St. Louis Cardinals batting - Pitching for San Francisco Giants : RHP Ted Mosley
Batting: RHB Dustin Clark 0-0: Called Strike
0-1: Bunt for hit to 15 - play at first, batter OUT! 1-3
Batting: LHB Tommy Luce 0-0: Fly out, F8 (Flyball, 8LD, EV 73.8 MPH)
Batting: RHB Pavpv Ivanushkin 0-0: Ball
1-0: Called Strike
1-1: Reached on error, E6 (Groundball, 56D, EV 101.3 MPH)
Batting: SHB Antoine Roux 0-0: Called Strike
0-1: Foul Ball, location: 2F
0-2: Ball
1-2: Foul Ball, location: 2F
1-2: Ball
2-2: Foul Ball, location: 2F
2-2: Ball
3-2: Foul Ball, location: 2F
3-2: Base on Balls
Batting: LHB Alex Vargas 0-0: SINGLE (Line Drive, 78M, EV 91.9 MPH)
Pavpv Ivanushkin to third
Antoine Roux to second
Runner from 3rd tries for Home, SAFE, throw by LF to home
Batting: LHB John Blair 0-0: Ball
1-0: Foul Ball, location: 2F
1-1: Ball
2-1: Foul Ball, location: 2F
2-2: Strikes out looking
Bottom of the 2nd over - 1 run, 1 hit, 1 error, 2 left on base; San Francisco 1 - St. Louis 4
TOP OF THE 3RD
San Francisco Giants batting - Pitching for St. Louis Cardinals : RHP Geoff Mooney
Batting: RHB Xavier Castellanos 0-0: Called Strike
0-1: Foul Ball, location: 2F
0-2: Foul Ball, location: 2F
0-2: Ground out 6-3 (Groundball, 6, EV 86.3 MPH)
Batting: SHB Bill Dooms 0-0: Foul Ball, location: 2F
0-1: Called Strike
0-2: Ball
1-2: Ball
2-2: Strikes out swinging
Batting: RHB Jason May 0-0: Foul Ball, location: 2F
0-1: SINGLE (Groundball, 4MD, EV 100.0 MPH)
Batting: SHB Ryan Doss 0-0: SINGLE (Groundball, 13S, EV 70.0 MPH) (infield hit)
Jason May to second
Batting: LHB Jack Henningar 0-0: Called Strike
0-1: Ball
1-1: Foul Ball, location: 2F
1-2: Ball
2-2: Ground out 1-3 (Groundball, 15S, EV 71.9 MPH)
Top of the 3rd over - 0 runs, 2 hits, 0 errors, 2 left on base; San Francisco 1 - St. Louis 4
BOTTOM OF THE 3RD
St. Louis Cardinals batting - Pitching for San Francisco Giants : RHP Ted Mosley
Batting: RHB Bobby Scholl 0-0: Ball
1-0: Ball
2-0: Called Strike
2-1: Ball
3-1: SINGLE (Groundball, 6MD, EV 98.8 MPH)
Batting: LHB Ben Rubenacker 0-0: DOUBLE (Groundball, 3L, EV 107.5 MPH)
Bobby Scholl to third
Runner from 3rd tries for Home, SAFE, no throw by RF
Pitching: RHP Josh Lister
Batting: RHB Rick O'Reilly 0-0: Called Strike
0-1: Ground out 6-3 (Groundball, 6MS, EV 80.6 MPH)
Ben Rubenacker to third
Batting: RHB Dustin Clark 0-0: Ball
1-0: Foul Ball, location: 2F
1-1: Ball
2-1: DOUBLE (Line Drive, 7LM, EV 101.3 MPH)
Ben Rubenacker scores
Batting: LHB Tommy Luce 0-0: Ball
1-0: Ball
2-0: Fly out, F2 (Popup, 2LF, EV 96.9 MPH)
Batting: RHB Pavpv Ivanushkin 0-0: Ball
1-0: Foul Ball, location: 2F
1-1: Foul Ball, location: 2F
1-2: Fly out, F4 (Popup, 6M, EV 61.3 MPH)
Bottom of the 3rd over - 2 runs, 3 hits, 0 errors, 1 left on base; San Francisco 1 - St. Louis 6
TOP OF THE 4TH
San Francisco Giants batting - Pitching for St. Louis Cardinals : RHP Geoff Mooney
Batting: LHB Willis Robles 0-0: Swinging Strike
0-1: Ball
1-1: Foul Ball, location: 2F
1-2: Fly out, F8 (Flyball, 8LXD, EV 103.1 MPH)
Batting: RHB Sean Zielinski 0-0: SINGLE (Line Drive, 4MD, EV 94.4 MPH)
Batting: RHB Nick Rigden 0-0: Called Strike
0-1: Called Strike
0-2: Hit by Pitch
Sean Zielinski to second
Batting: RHB Henri Cederberg 0-0: SINGLE (Groundball, 34D, EV 95.6 MPH)
Sean Zielinski to third
Nick Rigden to second
Runner from 3rd tries for Home, SAFE, throw by RF to home
Batting: RHB Xavier Castellanos 0-0: Ball
1-0: Called Strike
1-1: Grounds into double play, 4-6-3 (Groundball, 34, EV 86.9 MPH)
Top of the 4th over - 1 run, 2 hits, 0 errors, 1 left on base; San Francisco 2 - St. Louis 6
BOTTOM OF THE 4TH
St. Louis Cardinals batting - Pitching for San Francisco Giants : RHP Josh Lister
Batting: SHB Antoine Roux 0-0: Called Strike
0-1: Called Strike
0-2: Ball
1-2: Ball
2-2: Ground out U3 (Groundball, 34, EV 88.1 MPH)
Batting: LHB Alex Vargas 0-0: Swinging Strike
0-1: Fly out, F7 (Flyball, 7LM, EV 92.5 MPH)
Batting: LHB John Blair 0-0: TRIPLE (Line Drive, 89XD, EV 110.0 MPH)
Batting: RHB Bobby Scholl 0-0: Ball
1-0: Ball
2-0: Fly out, F8 (Flyball, 8RS, EV 81.9 MPH)
Bottom of the 4th over - 0 runs, 1 hit, 0 errors, 1 left on base; San Francisco 2 - St. Louis 6
TOP OF THE 5TH
San Francisco Giants batting - Pitching for St. Louis Cardinals : RHP Geoff Mooney
Batting: SHB Bill Dooms 0-0: Ball
1-0: Ball
2-0: Ball
3-0: Base on Balls
Batting: RHB Jason May 0-0: Fly out, F7 (Flyball, 78M, EV 93.8 MPH)
Batting: SHB Ryan Doss 0-0: Fly out, F4 (Line Drive, 4, EV 71.9 MPH)
Batting: LHB Jack Henningar 0-0: Swinging Strike
0-1: Swinging Strike
0-2: Foul Ball, location: 2F
0-2: Fielders Choice at 2nd, U4 (Groundball, 4M, EV 81.3 MPH)
Top of the 5th over - 0 runs, 0 hits, 0 errors, 1 left on base; San Francisco 2 - St. Louis 6
BOTTOM OF THE 5TH
St. Louis Cardinals batting - Pitching for San Francisco Giants : RHP Josh Lister
Batting: LHB Ben Rubenacker 0-0: Ball
1-0: Foul Ball, location: 2F
1-1: Ball
2-1: Ground out 6-3 (Groundball, 6D, EV 96.3 MPH)
Batting: RHB Rick O'Reilly 0-0: Foul Ball, location: 2F
0-1: Foul Ball, location: 2F
0-2: Strikes out looking
Pitching: RHP Allen Vesey
Batting: RHB Dustin Clark 0-0: Ball
1-0: Ground out 6-3 (Groundball, 6, EV 88.1 MPH)
Bottom of the 5th over - 0 runs, 0 hits, 0 errors, 0 left on base; San Francisco 2 - St. Louis 6
TOP OF THE 6TH
San Francisco Giants batting - Pitching for St. Louis Cardinals : RHP Geoff Mooney
Batting: LHB Willis Robles 0-0: Ball
1-0: Called Strike
1-1: Foul Ball, location: 2F
1-2: Ground out 5-3 (Groundball, 56, EV 108.1 MPH)
Batting: RHB Sean Zielinski 0-0: Swinging Strike
0-1: Ball
1-1: Ball
2-1: Ball
3-1: Foul Ball, location: 2F
3-2: Foul Ball, location: 2F
3-2: Foul Ball, location: 2F
3-2: Foul Ball, location: 2F
3-2: Base on Balls
Batting: RHB Nick Rigden 0-0: Ball
1-0: Called Strike
Sean Zielinski steals 2nd base
1-1: Ball
2-1: DOUBLE (Line Drive, 7LD, EV 108.8 MPH)
Sean Zielinski scores
Pitching: RHP Brent Garland
Batting: RHB Henri Cederberg 0-0: Ball
Nick Rigden steals 3rd base (no throw)
1-0: Called Strike
1-1: Foul Ball, location: 2F
1-2: Ball
2-2: Ball
3-2: Ground out 6-3 (Groundball, 56, EV 105.6 MPH)
Nick Rigden scores
Batting: RHB Xavier Castellanos 0-0: Foul Ball, location: 2F
0-1: Foul Ball, location: 2F
0-2: Ball
1-2: Ball
2-2: Strikes out looking
Top of the 6th over - 2 runs, 1 hit, 0 errors, 0 left on base; San Francisco 4 - St. Louis 6
BOTTOM OF THE 6TH
St. Louis Cardinals batting - Pitching for San Francisco Giants : RHP Allen Vesey
Batting: LHB Tommy Luce 0-0: Ball
1-0: Called Strike
1-1: Foul Ball, location: 2F
1-2: Ball
2-2: Strikes out swinging
Batting: RHB Pavpv Ivanushkin 0-0: Ball
1-0: Ball
2-0: Called Strike
2-1: Ball
3-1: TRIPLE (Flyball, 78XD, EV 98.1 MPH)
Batting: SHB Antoine Roux 0-0: Intentional Walk
Batting: LHB Alex Vargas 0-0: Ball
1-0: Called Strike
1-1: Ball
Antoine Roux is caught stealing 2nd base 2-6
2-1: Swinging Strike
2-2: Strikes out looking
Bottom of the 6th over - 0 runs, 1 hit, 0 errors, 1 left on base; San Francisco 4 - St. Louis 6
TOP OF THE 7TH
San Francisco Giants batting - Pitching for St. Louis Cardinals : RHP Brent Garland
Batting: SHB Bill Dooms 0-0: Foul Ball, location: 2F
0-1: Ball
1-1: Ball
2-1: Foul Ball, location: 2F
2-2: Foul Ball, location: 2F
2-2: Foul Ball, location: 2F
2-2: Foul Ball, location: 2F
2-2: Ball
3-2: Ground out 6-3 (Groundball, 6M, EV 80.6 MPH)
Batting: RHB Jason May 0-0: Ball
1-0: Called Strike
1-1: Ball
2-1: Ground out 6-3 (Groundball, 6S, EV 85.6 MPH)
Batting: SHB Ryan Doss 0-0: Ball
1-0: Ball
2-0: Ball
3-0: Called Strike
3-1: Ground out 6-3 (Groundball, 4M, EV 80.6 MPH)
Top of the 7th over - 0 runs, 0 hits, 0 errors, 0 left on base; San Francisco 4 - St. Louis 6
BOTTOM OF THE 7TH
St. Louis Cardinals batting - Pitching for San Francisco Giants : RHP Allen Vesey
Pitching: LHP Tyler Stancil
Batting: LHB John Blair 0-0: Ball
1-0: Ball
2-0: SOLO HOME RUN (Flyball, 9D, EV 98.1 MPH), Distance : 372 ft
Batting: RHB Bobby Scholl 0-0: Ball
1-0: Called Strike
1-1: Fly out, F7 (Flyball, 78D, EV 85.6 MPH)
Batting: LHB Ben Rubenacker 0-0: SOLO HOME RUN (Flyball, 78XD, EV 102.5 MPH), Distance : 391 ft
Batting: RHB Rick O'Reilly 0-0: Ball
1-0: Ball
2-0: SINGLE (Groundball, 56D, EV 104.4 MPH)
Batting: RHB Dustin Clark 0-0: Ball
1-0: Ball
2-0: Called Strike
2-1: Foul Ball, location: 2F
2-2: Foul Ball, location: 2F
2-2: Strikes out swinging
Batting: LHB Tommy Luce 0-0: Called Strike
0-1: Called Strike
0-2: Ball
1-2: Strikes out swinging
Bottom of the 7th over - 2 runs, 3 hits, 0 errors, 1 left on base; San Francisco 4 - St. Louis 8
TOP OF THE 8TH
San Francisco Giants batting - Pitching for St. Louis Cardinals : RHP Brent Garland
Pitching: RHP Guadalupe Vasguez
Batting: LHB Jack Henningar 0-0: Ball
1-0: Called Strike
1-1: Called Strike
1-2: Foul Ball, location: 2F
1-2: Strikes out swinging
Batting: LHB Willis Robles 0-0: Called Strike
0-1: Ball
1-1: Ball
2-1: Foul Ball, location: 2F
2-2: Strikes out swinging
Batting: RHB Sean Zielinski 0-0: Ball
1-0: Foul Ball, location: 2F
1-1: Ground out 6-3 (Groundball, 6, EV 102.5 MPH)
Top of the 8th over - 0 runs, 0 hits, 0 errors, 0 left on base; San Francisco 4 - St. Louis 8
BOTTOM OF THE 8TH
St. Louis Cardinals batting - Pitching for San Francisco Giants : LHP Tyler Stancil
Pitching: RHP Micah Teller
Batting: RHB Pavpv Ivanushkin 0-0: Ball
1-0: Ground out 6-3 (Groundball, 6, EV 77.5 MPH)
Batting: SHB Antoine Roux 0-0: Hit by Pitch
Batting: LHB Alex Vargas 0-0: Foul Ball, location: 2F
0-1: Foul Ball, location: 2F
0-2: Ball
1-2: Strikes out swinging
Batting: LHB John Blair 0-0: Ball
1-0: Ball
2-0: Swinging Strike
2-1: SINGLE (Groundball, 25, EV 69.4 MPH) (infield hit)
Antoine Roux to second
Batting: RHB Bobby Scholl 0-0: Ball
1-0: Called Strike
1-1: Called Strike
1-2: Foul Ball, location: 2F
1-2: Foul Ball, location: 2F
1-2: SINGLE (Line Drive, 9S, EV 87.5 MPH)
Antoine Roux to third
John Blair to second
Runner from 3rd tries for Home, SAFE, throw by RF to home
Batting: LHB Ben Rubenacker 0-0: Ball
1-0: Foul Ball, location: 2F
1-1: Fly out, F8 (Flyball, 8LXD, EV 109.4 MPH)
Bottom of the 8th over - 1 run, 2 hits, 0 errors, 2 left on base; San Francisco 4 - St. Louis 9
TOP OF THE 9TH
San Francisco Giants batting - Pitching for St. Louis Cardinals : RHP Guadalupe Vasguez
Batting: RHB Nick Rigden 0-0: Called Strike
0-1: Ball
1-1: Called Strike
1-2: Foul Ball, location: 2F
1-2: Ground out 5-3 (Groundball, 56S, EV 86.3 MPH)
Batting: RHB Henri Cederberg 0-0: Ball
1-0: Ball
2-0: Called Strike
2-1: Foul Ball, location: 2F
2-2: Strikes out looking
Batting: RHB Xavier Castellanos 0-0: Ground out 4-3 (Groundball, 4, EV 90.0 MPH)
Top of the 9th over - 0 runs, 0 hits, 0 errors, 0 left on base; San Francisco 4 - St. Louis 9
Thursday, March 31st , 2022 - OOTP Baseball 22.12 Build 89